 Dungeon Crawl Stone Soup version 0.20-a0-700-gbd4582c (webtiles) character file.

116 RKaid the Cudgeler (level 5, -10/32 HPs)
             Began as a Gargoyle Gladiator on Feb 20, 2017.
             Was an Initiate of Okawaru.
             Mangled by a small abomination (12 damage)
             ... on level 1 of the Abyss.
             The game lasted 00:05:54 (2288 turns).

RKaid the Cudgeler (Gargoyle Gladiator)             Turns: 2288, Time: 00:05:54

Health: -10/32     AC: 14    Str: 23 (24) XL:     5   Next: 0%
Magic:  5/5        EV: 11    Int: 12 (13) God:    Okawaru [......]
Gold:   174        SH:  0    Dex: 10 (13) Spells: 4/4 levels left

rFire    . . .     SeeInvis +   a - +0 flail
rCold    . . .     Gourm    .   p - +0 ring mail
rNeg     + . .     Faith    .   (no shield)
rPois    ∞         Spirit   .   c - +0 helmet
rElec    +         Reflect  .   (no cloak)
rCorr    .         Harm     .   (no gloves)
MR       .....                  x - +1 pair of boots
Stlth    ..........             (no amulet)
Regen    0.1/turn               y - +2 ring of dexterity
MPRegen  0.1/turn               i - ring of see invisible {sInv}

@: mighty, brilliant
A: talons 1, thin metallic scales 1, negative energy resistance 1, electricity
resistance, unbreathing, petrification resistance, rot immunity, AC +4
a: Renounce Religion


You were on level 1 of the Abyss.
You worshipped Okawaru.
Okawaru was noncommittal.
You were not hungry.

You visited 1 branch of the dungeon, and saw 3 of its levels.
You visited the Abyss 1 time.

You collected 174 gold pieces.

Inventory:

Hand Weapons
 a - a +0 flail (weapon)
Missiles
 d - 3 throwing nets {=f}
Armour
 b - a +0 chain mail
   (You found it on level 2 of the Dungeon)
 c - a +0 helmet (worn)
 p - a +0 ring mail (worn)
   (You found it on level 1 of the Dungeon)
 x - a +1 pair of boots (worn)
   (You found it on level 1 of the Abyss)
Jewellery
 i - a ring of see invisible (left hand) {sInv}
   (You found it on level 1 of the Dungeon)
 v - a +3 ring of evasion {unknown}
   (You found it on level 3 of the Dungeon)
 y - a +2 ring of dexterity (right hand)
   (You found it on level 1 of the Abyss)
Scrolls
 e - 2 scrolls of fear {unknown}
 k - a scroll of magic mapping {unknown}
 m - 4 scrolls of identify {unknown}
 o - 3 scrolls of enchant weapon {unknown}
 r - a scroll of amnesia {unknown}
 t - 2 scrolls of blinking {unknown}
 w - a scroll of teleportation {unknown}
 z - a scroll of remove curse {unknown}
Potions
 g - a potion of brilliance
 j - a potion of agility
Comestibles
 f - 2 bread rations
 h - 2 royal jellies
 q - a meat ration


   Skills:
 + Level 3.6 Fighting
 * Level 4.7 Maces & Flails
 - Level 1.7 Throwing
 - Level 2.4 Dodging


You had 4 spell levels left.
You didn't know any spells.

Dungeon Overview and Level Annotations

Branches:
Dungeon (3/15)

Altars:
Gozag
Nemelex Xobeh
Okawaru

Annotations:
D:3 Crazy Yiuf


Innate Abilities, Weirdness & Mutations

You are resistant to torment.
Your stone body is resilient. (AC +4)
You are immune to poison.
You resist negative energy. (rN+)
You are resistant to electric shocks. (rElec)
You can survive without breathing.
You are immune to petrification.
You are immune to rotting.
You have sharp toenails.
You are partially covered in thin metallic scales. (AC +2)


Message History

w - a scroll labeled SEOLLO OSHRO DEOLA
There is an opulent altar of Gozag here.
There is an open door here.
Things that are here:
a jackal skeleton x2
Partly explored, can't reach some places.
You hit the fungus.
The fungus is lightly damaged.
You hit the fungus.
The fungus is moderately damaged.
You sock the fungus!
The fungus is heavily damaged.
You hit the fungus.
The fungus is heavily damaged.
You hit the fungus.
The fungus is severely damaged.
You sock the fungus!
The fungus is almost destroyed.
You thump the fungus!
You destroy the fungus!
You hit the fungus.
The fungus is lightly damaged.
You sock the fungus!
The fungus is heavily damaged.
You sock the fungus!
The fungus is severely damaged.
You hit the fungus.
The fungus is almost destroyed.
You hit the fungus.
The fungus is almost destroyed.
You hit the fungus.
The fungus is almost destroyed.
You sock the fungus!
You destroy the fungus!
You open the door.
Marking area around Crazy Yiuf as unsafe for travelling.
Crazy Yiuf the Enlightened comes into view.
He is wielding a quarterstaff of chaos.
Crazy Yiuf shouts!
Crazy Yiuf drinks a potion.
Crazy Yiuf suddenly seems more agile.
There is an open door here.
Okay, then.
Crazy Yiuf is nearby!
You hit Crazy Yiuf but do no damage.
Crazy Yiuf hits you with a quarterstaff of chaos.
You are cast into the Abyss!
To return, you must find a gate leading back.
Killing monsters will force the Abyss to allow you passage.
This branch contains the abyssal rune of Zot.
x - a pair of glowing boots You are feeling hungry.
Wear which item (? for menu, Esc to quit)
You start putting on your armour.
You continue putting on your pair of glowing boots. x4
You finish putting on your +1 pair of boots.
Eating one of 7 chunks of flesh.
You eat one of the 7 chunks of flesh.
This raw flesh tastes terrible.
Some of the chunks of flesh in your inventory have rotted away.
y - a golden ring Put on which piece of jewellery? (? for menu, Esc to quit)
You feel agile.
y - a +2 ring of dexterity (right hand) Some of the chunks of flesh in your inventory have rotted away.
z - a scroll labeled YLOFINL CEADUCH
Found a gateway leading deeper into the Abyss.
There is a gateway leading deeper into the Abyss here.
Found a corrupted altar of Lugonu.
There is a corrupted altar of Lugonu here.
A small abomination comes into view.
The small abomination moves out of view.
All of the chunks of flesh in your inventory have rotted away.
You closely miss the small abomination. The small abomination hits you!
Ouch! That really hurt!
You barely miss the small abomination. The small abomination hits you!
* * * LOW HITPOINT WARNING * * *
It was a potion of brilliance.
You feel clever all of a sudden.
The small abomination closely misses you.
It was a potion of mutation.
You feel extremely strange.
Your wings grow larger and stronger.
Your wings shrivel and weaken.
Your toenails lengthen and sharpen.
Thin metallic scales grow over part of your body.
The small abomination hits you.
* * * LOW HITPOINT WARNING * * *
It was a potion of might.
You feel very mighty all of a sudden.
The small abomination hits you but does no damage.
It was a potion of degeneration.
There was something very wrong with that liquid.
You feel weakened.
You feel dopey.
You feel clumsy.
The small abomination hits you but does no damage.
You hit the small abomination but do no damage.
The small abomination hits you.
* * * LOW HITPOINT WARNING * * *
The small abomination hits you but does no damage.
You hit the small abomination.
The small abomination hits you but does no damage.
You sock the small abomination!
The small abomination barely misses you.
You barely miss the small abomination. The small abomination hits you!
You die...

## . . .. ##.
>.. ...########
### .. . . ... .
...# ##.#. . #.
..... .#.# . ..
.. ##..##.._ .
.... ..###
#.##.##########.
#...##...## .
#.#..##..# #x@##
#.# .!.....## ##
.#..#.# ...#.#
#...# ... .#. #.


You could see a small abomination.

Vanquished Creatures
  An orc priest (D:2)
  2 adders
  A dart slug (D:1)
  2 leopard geckos
  3 orcs (D:2)
  A ball python (D:1)
  2 giant cockroaches
  5 hobgoblins
  5 jackals
  7 kobolds
  2 quokkas (D:3)
  4 bats
  5 frilled lizards
  9 goblins
  9 rats
  2 fungi (D:3)
60 creatures vanquished.

Notes
Turn   | Place    | Note
-------+----------+-------------------------------------------
     0 | D:1      | RKaid the Gargoyle Gladiator began the quest for the Orb.
     0 | D:1      | Reached XP level 1. HP: 12/12 MP: 1/1
    85 | D:1      | Reached XP level 2. HP: 17/18 MP: 2/2
   309 | D:1      | Reached XP level 3. HP: 18/22 MP: 3/3
   738 | D:2      | Reached skill level 4 in Maces & Flails
   843 | D:2      | Found an iron altar of Okawaru.
  1014 | D:2      | Reached skill level 3 in Fighting
  1221 | D:2      | Reached XP level 4. HP: 28/28 MP: 4/4
  1368 | D:2      | Became a worshipper of Warmaster Okawaru
  1395 | D:2      | HP: 4/28 [orc/dagger (4)]
  1397 | D:2      | HP: 1/28 [orc (3)]
  2072 | D:3      | Found a sparkling altar of Nemelex Xobeh.
  2072 | D:3      | Found an opulent altar of Gozag.
  2083 | D:3      | Reached XP level 5. HP: 30/32 MP: 5/5
  2207 | D:3      | Found a runed door.
  2211 | D:3      | Noticed Crazy Yiuf
  2214 | D:3      | Cast into level 1 of the Abyss (Crazy Yiuf)
  2267 | Abyss:1  | Found a corrupted altar of Lugonu.
  2277 | Abyss:1  | Noticed a small abomination
  2280 | Abyss:1  | HP: 8/32 [small abomination (7)]
  2282 | Abyss:1  | Gained mutation: Your large and strong wings let you fly indefinitely. [potion of mutation]
  2282 | Abyss:1  | Lost mutation: Your large and strong wings let you fly indefinitely. [potion of mutation]
  2282 | Abyss:1  | Gained mutation: You have sharp toenails. [potion of mutation]
  2282 | Abyss:1  | Gained mutation: You are partially covered in thin metallic scales. (AC +2) [potion of mutation]
  2282 | Abyss:1  | HP: 2/32 [small abomination (6)]
  2288 | Abyss:1  | Mangled by a small abomination

Vault maps used:
D:1:      onia_arrival_handbag, serial_park_tiny_pond, minmay_misc_feat_chi,
          serial_bayou_ford_a, minmay_pentomino_q4
D:2:      serial_forest, infiniplex_forest_corner_2, infiniplex_forest_lined_2,
          infiniplex_forest_clump_C, infiniplex_forest_lined_room_2,
          infiniplex_forest_end_3, infiniplex_forest_straight_2,
          infiniplex_forest_lined_3, infiniplex_forest_zigzag_1,
          okawaru_ov_weapons_minmay
D:3:      grunt_temple_overflow_opulence, uniq_crazy_yiuf_cottage

Skill      XL: |  1  2  3 |
---------------+----------+-----
Maces & Flails | 4 |  4.7
Fighting       | 3 |  3.6
Throwing       | |  1.7
Dodging        | |  2.4

Action                   |  1- 3 |  4- 6 || total
-------------------------+-------+-------++-------
Melee: Flail             |   114 |    94 ||   208
  Use: Potion            |       |     4 ||     4
  Eat: Chunk             |     1 |     4 ||     5
Armor: Leather armour    |    25 |       ||    25
       Ring mail         |    15 |    48 ||    63
Dodge: Dodged            |    75 |    69 ||   144

Vault maps used:
D:1:      onia_arrival_handbag, serial_park_tiny_pond, minmay_misc_feat_chi,
          serial_bayou_ford_a, minmay_pentomino_q4
D:2:      serial_forest, infiniplex_forest_corner_2, infiniplex_forest_lined_2,
          infiniplex_forest_clump_C, infiniplex_forest_lined_room_2,
          infiniplex_forest_end_3, infiniplex_forest_straight_2,
          infiniplex_forest_lined_3, infiniplex_forest_zigzag_1,
          okawaru_ov_weapons_minmay
D:3:      grunt_temple_overflow_opulence, uniq_crazy_yiuf_cottage

Table legend:
 A = Turns spent in this place as a percentage of turns spent in the entire game.
 B = Non-inter-level travel turns spent in this place as a percentage of non-inter-level travel turns spent in the entire game.
 C = Inter-level travel turns spent in this place as a percentage of turns spent in this place.
 D = Turns resting spent in this place as a percentage of non-inter-level travel turns spent in this place.
 E = Turns spent auto-exploring this place as a percentage of non-inter-level travel turns spent in this place.
 F = Non-inter-level travel turns spent in this place divided by the number of levels of this place that you've seen.
                   A       B       C       D       E      F
               +-------+-------+-------+-------+-------+----------------------
         Total | 100.0 | 100.0 |   0.6 |   1.3 |  10.6 | 155.8
       Dungeon |  89.2 |  89.1 |   0.7 |   1.4 |  11.9 | 185.0
         Abyss |  10.8 |  10.9 |   0.0 |   0.0 |   0.0 |  68.0
               +-------+-------+-------+-------+-------+----------------------

Table legend:
 A = Kills in this place as a percentage of kills in entire the game.
 B = Kills by you in this place as a percentage of kills by you in the entire game.
 C = Kills by friends in this place as a percentage of kills by friends in the entire game.
 D = Other kills in this place as a percentage of other kills in the entire game.
 E = Experience gained in this place as a percentage of experience gained in the entire game.
 F = Experience gained in this place divided by the number of levels of this place that you have seen.
                   A       B       C       D       E      F
               +-------+-------+-------+-------+-------+----------------------
         Total | 100.0 | 100.0 |  -nan |  -nan | 100.0 |  41.5
       Dungeon | 100.0 | 100.0 |  -nan |  -nan | 100.0 |  55.3
               +-------+-------+-------+-------+-------+----------------------
